 Dungeon Crawl Stone Soup version 0.28-a0-1624-g820543e53a (webtiles) character file.

Game seed: 8701664856101437547

44 HallandMoats the Vandal (level 3, 30/30 HPs)
             Began as a Ghoul Hunter on Jan 24, 2022.
             Was a Follower of Uskayaw.
             Safely got out of the dungeon.
             The game lasted 00:01:30 (1108 turns).

HallandMoats the Vandal (Ghoul Hunter)              Turns: 1108, Time: 00:01:30

Health: 30/30      AC:  3    Str: 15    XL:     3   Next: 60%
Magic:  2/2        EV: 11    Int:  6    God:    Uskayaw [*.....]
Gold:   28         SH:  0    Dex: 11    Spells: 2/2 levels left

rFire   . . .      SeeInvis .   a - +1 hunting sling
rCold   + . .      Faith    .   (no shield)
rNeg    + + +      Spirit   .   c - +0 leather armour
rPois   ∞          Reflect  .   (no helmet)
rElec   .          Harm     .   (no cloak)
rCorr   .          Rampage  .   (no gloves)
Will    .....                   (no boots)
Stlth   +.........              (no amulet)
HPRegen 0.10/turn               (no ring)
MPRegen 0.08/turn               (no ring)

@: no status effects
A: claws 1, cold resistance 1, negative energy resistance 3, inhibited
regeneration, torment resistance 2
a: Renounce Religion, Stomp


You escaped.
You worshipped Uskayaw.
Uskayaw was noncommittal.
You visited 1 branch of the dungeon, and saw 1 of its levels.

You collected 28 gold pieces.

Inventory:

Hand Weapons
 a - a +1 hunting sling (weapon)
 b - a +0 short sword
Missiles
 d - 9 sling bullets (quivered ammo)
 g - 71 stones (quivered)
Armour
 c - a +0 leather armour (worn)
Scrolls
 f - a scroll of identify {unknown}
Potions
 e - a potion of lignification {unknown}
 h - 2 potions of attraction {unknown}


   Skills:
 + Level 2.6 Fighting
 * Level 4.1 Slings
 + Level 1.0 Armour
 + Level 2.2 Dodging
 - Level 1.1 Stealth


You had 2 spell levels left.
You didn't know any spells.
Your spell library was empty.

Dungeon Overview and Level Annotations

Branches:
Dungeon (1/15)

Altars:
Uskayaw


Innate Abilities, Weirdness & Mutations

You thrive by killing the living.
You are immune to poison.
You have sharp fingernails.
Your flesh is cold resistant. (rC+)
You are immune to negative energy. (rN+++)
You do not regenerate when monsters are visible.
You are immune to unholy pain and torment.


Message History

You shoot a sling bullet.
The sling bullet closely misses the rat.
You shoot a sling bullet.
The sling bullet hits the rat but does no damage.
You shoot a sling bullet. The sling bullet hits the rat.
You kill the rat!
No target in view!
d - 5 sling bullets (gained 1)
You see here a rat corpse.
d - 6 sling bullets (gained 1)
d - 7 sling bullets (gained 1)
d - 8 sling bullets (gained 1)
d - 9 sling bullets (gained 1)
You see here a rat corpse.
You enter the shallow water.
Moving in this stuff is going to be slow.
You see here a rat corpse.
You see here a +0 dagger.
There is an escape hatch in the floor here.
You open the door.
There is an open door here.
Done exploring.
Done exploring.
Done exploring.
Done exploring.
There is a faded altar of an unknown god here.
You cannot tell which god this altar belongs to.
Convert to them anyway?
Uskayaw accepts your prayer! Uskayaw welcomes you!
You can now stomp with the beat.
(D) Dungeon
Where to? (? - help)
What level of the Dungeon? (default 1, ? - help)
There is an open door here.
You see here a +0 mace.
There is a staircase leading out of the dungeon here.
Are you sure you want to leave the Dungeon?
This will make you lose the game!
Alright, then stay!
Are you sure you want to leave the Dungeon?
This will make you lose the game!
You have escaped!

#)# #......# #.# #.#
#.####.# #.# #.# #.##
#.####.# #.#
#..###......# #.#
#..........##
#########.########.#
#.....#.#.#......#.#
#.###.#.#.#.####.#.#
#.#...#.#.#.#.@#.#.#
#.#####.#.#.#.##.#.#
#.......#=#.#....#.#
#########.#.#.######.#
#...........)........#
#.#.##############.###
..#...#..........#.#
###.#.#.########.#.#
.##.#.#........#.#.#


There were no monsters in sight!

Vanquished Creatures
  A gnoll (D:1)
  A dart slug (D:1)
  An endoplasm (D:1)
  6 giant cockroaches (D:1)
  4 hobgoblins (D:1)
  2 quokkas (D:1)
  6 ball pythons (D:1)
  3 goblins (D:1)
  2 kobolds (D:1)
  2 rats (D:1)
28 creatures vanquished.

Notes
Turn   | Place    | Note
-------+----------+-------------------------------------------
     0 | D:1      | HallandMoats the Ghoul Hunter began the quest for the Orb.
     0 | D:1      | Reached XP level 1. HP: 17/17 MP: 0/0
   160 | D:1      | Reached XP level 2. HP: 25/25 MP: 1/1
   208 | D:1      | Found a faded altar of an unknown god.
   569 | D:1      | Reached skill level 4 in Slings
   569 | D:1      | Reached XP level 3. HP: 30/30 MP: 2/2
   796 | D:1      | Reached skill level 1 in Armour
  1044 | D:1      | Prayed at the altar of an unknown god.
  1044 | D:1      | Became a worshipper of Uskayaw the Reveller
  1044 | D:1      | Reached * piety under Uskayaw
  1108 | D:$      | Safely got out of the dungeon.

Illustrated notes

Levels and vault maps discovered:
D:1:      matt_arrival_spirals, layout_loops_ring,
          dreamdust_ecumenical_altar_angels_and_demons, serial_rivers,
          chequers_serial_rivers_small_a, chequers_serial_rivers_room_a,
          chequers_serial_rivers_micro_d, chequers_serial_rivers_marsh,
          wad_floor_pattern_untrapped, skrybe_limestone_x

Skill      XL: |  1  2  3 |
---------------+----------+-----
Dodging        | 2 |  2.2
Slings         | 4 |  4.1
Armour         | 1 |  1.0
Fighting       | |  2.6
Stealth        | |  1.1

Action                   || total
-------------------------++-------
 Fire: Hunting sling     ||    82
Armor: Leather armour    ||     2
Dodge: Dodged            ||    12

Table legend: (Time is in decaauts)
 A = Elapsed time spent in this place.
 B = Non-inter-level travel time spent in this place.
 C = Inter-level travel time spent in this place.
 D = Time resting spent in this place.
 E = Time spent auto-exploring this place.
 F = Levels seen in this place.
 G = Mean time per level.
                   A        B        C        D        E       F      G
               +--------+--------+--------+--------+--------+-----+--------+
         Total |   1107 |   1045 |     62 |      0 |    890 |   1 | 1107.0 |
       Dungeon |   1107 |   1045 |     62 |      0 |    890 |   1 | 1107.0 |
               +--------+--------+--------+--------+--------+-----+--------+

Top non-repeatable levels by time:
     D:1: 1107 daAuts
